 Dungeon Crawl Stone Soup version 0.24.0-13-gcf9b319 (webtiles) character file.

Game seed: 9580819991023548712, levelgen mode: deterministic

2986 Fang the Fighter (level 9, -7/88 HPs)
             Began as a Gargoyle Fighter on Dec 16, 2019.
             Was an Initiate of Trog.
             Mangled by a two-headed ogre
             ... wielding a +0 giant club
              (12 damage)
             ... on level 8 of the Dungeon.
             The game lasted 00:07:19 (6964 turns).

Fang the Fighter (Gargoyle Fighter)                 Turns: 6964, Time: 00:07:20

Health: -7/88      AC: 19    Str: 27    XL:     9   Next: 83%
Magic:  9/9        EV:  5    Int: 10    God:    Trog [......]
Gold:   294        SH: 17    Dex:  9    Spells: 8/8 levels left

rFire    . . .     SeeInvis +   a - +3 war axe
rCold    . . .     Gourm    .   B - +0 large shield
rNeg     + . .     Faith    .   b - +0 chain mail
rPois    ∞         Spirit   .   o - +1 helmet
rElec    +         Reflect  .   (no cloak)
rCorr    .         Harm     .   (no gloves)
MR       .....                  (no boots)
Stlth    ..........             (no amulet)
HPRegen  0.24/turn              h - ring of see invisible
MPRegen  0.11/turn              n - ring of stealth

@: berserking, very quick
A: negative energy resistance 1, electricity resistance, unbreathing,
petrification resistance, rot immunity, AC +6
a: Renounce Religion


You were on level 8 of the Dungeon.
You worshipped Trog.
Trog was noncommittal.
You were near starving.

You visited 2 branches of the dungeon, and saw 9 of its levels.

You collected 294 gold pieces.

Inventory:

Hand Weapons
 a - a +3 war axe (weapon)
Armour
 b - a +0 chain mail (worn)
 o - a +1 helmet (worn)
 B - a +0 large shield (worn)
Jewellery
 h - a ring of see invisible (left hand)
 n - a ring of stealth (right hand)
Wands
 j - a wand of acid (12)
 k - a wand of digging (6)
 t - a wand of disintegration (6)
 u - a wand of polymorph (14)
Scrolls
 f - 2 scrolls of identify
 m - 6 scrolls of remove curse
 p - a scroll of magic mapping
Potions
 d - 2 potions of might
 e - a potion of flight
 g - 2 potions of curing
 i - 2 potions of haste
 l - 2 potions of invisibility
 q - a potion of resistance {unknown}
 s - a potion of mutation {unknown}
Comestibles
 c - 12 rations


   Skills:
 + Level 8.1 Fighting
 + Level 6.3 Axes
 + Level 8.0 Armour
 + Level 8.0 Shields


You had 8 spell levels left.
You didn't know any spells.
Your spell library contained the following spells:

 Spells                   Type           Power        Failure   Level  Hunger
 Beastly Appendage        Tmut           #.....       100%        1    ##.....
 Sticks to Snakes         Tmut           #.......     100%        2    ###....
 Spider Form              Tmut/Pois      #.........   100%        3    ####...
 Ice Form                 Ice/Tmut       #.......     100%        4    #####..
 Blade Hands              Tmut           #.........   100%        5    ######.


Dungeon Overview and Level Annotations

Branches:
Dungeon (8/15)             Temple (1/1) D:5
   Lair: D:8-11

Altars:
Ashenzari
Cheibriados
Dithmenos
Elyvilon
Fedhas
Hepliaklqana
Kikubaaqudgha
Makhleb
Nemelex Xobeh
Okawaru
Qazlal
Ru
Sif Muna
Trog
Uskayaw
Vehumet
Wu Jian
Xom
Yredelemnul
Zin
The Shining One

Annotations:
D:7 3 runed translucent doors, axlevencent's ghost, novice HOFi


Innate Abilities, Weirdness & Mutations

You are resistant to torment.
Your stone body is resilient. (AC +6)
You are immune to poison.
You resist negative energy. (rN+)
You are resistant to electric shocks. (rElec)
You can survive without breathing.
You are immune to petrification.
You are immune to rotting.


Message History

The two-headed ogre barely misses you. You block the wight's attack.
You slash the two-headed ogre!
The two-headed ogre is heavily wounded.
You barely miss the wight.
The two-headed ogre hits you with a +0 giant club.
The two-headed ogre hits you with a cursed -2 giant club!
* * * LOW HITPOINT WARNING * * *
You block the wight's attack.
You are too injured to fight recklessly!
You hit the two-headed ogre.
The two-headed ogre is heavily wounded.
You barely miss the wight.
You block the two-headed ogre's attack. x2
The wight hits you but does no damage.
You are too injured to fight recklessly!
A red film seems to cover your vision as you go berserk!
You feel yourself moving faster!
You feel mighty!
The two-headed ogre hits you with a +0 giant club!!
* * * LOW HITPOINT WARNING * * *
The two-headed ogre hits you with a cursed -2 giant club!
You die...

.#.......#.......# .#.#
.................# #..
..###............#... ##
..####........##.#.#....
....##...........'...#
.#...#......##...#
........#...###.F#
............# #zO#
##..........####@#
##..........###.##
##..#..####...##..#
#...#..# ##......#
....##.## #...#...#
........##..####..##
...........# #))[#
.<..##...## ##.#.# †..##
#..# #..#..#


You could see a two-headed ogre, a bullfrog and a wight.

Vanquished Creatures
  Edmund (D:6)
  2 water moccasins
  Duvessa (D:4)
  2 sky beasts
  An orc warrior (D:7)
  2 ice beasts
  2 centaurs (D:6)
  2 phantoms
  3 ogres
  Blork the orc (D:4)
  2 bullfrogs
  Dowan (D:4)
  3 scorpions
  6 wights
  3 jellies
  A bullfrog zombie (D:5)
  A centaur zombie (D:7)
  A hound (D:4)
  2 orc priests (D:5)
  A gnoll shaman (D:4)
  6 orc wizards
  4 worker ants
  Robin (D:4)
  10 gnolls
  6 adders
  A shadow imp (D:6)
  An ooze (D:1)
  2 worms (D:3)
  A dart slug (D:5)
  5 leopard geckos
  18 orcs
  2 ball pythons
  10 bats
  10 giant cockroaches
  13 goblins
  16 hobgoblins
  13 jackals
  6 kobolds
  5 frilled lizards
  A quokka skeleton (D:5)
  7 rats
176 creatures vanquished.

Vanquished Creatures (others)
  2 plants (D:2)
2 creatures vanquished.

Grand Total: 178 creatures vanquished

Notes
Turn   | Place    | Note
-------+----------+-------------------------------------------
     0 | D:1      | Fang the Gargoyle Fighter began the quest for the Orb.
     0 | D:1      | Reached XP level 1. HP: 14/14 MP: 1/1
    18 | D:1      | Reached XP level 2. HP: 9/19 MP: 2/2
   529 | D:1      | Reached XP level 3. HP: 23/23 MP: 3/3
   536 | D:1      | Found a shimmering altar of Xom.
  1175 | D:2      | Reached XP level 4. HP: 14/29 MP: 4/4
  1837 | D:3      | Noticed an ice beast
  1851 | D:3      | Killed an ice beast
  1851 | D:3      | Reached XP level 5. HP: 25/34 MP: 5/5
  2305 | D:3      | Reached XP level 6. HP: 39/39 MP: 6/6
  2327 | D:3      | Found a hazy altar of Hepliaklqana.
  2337 | D:3      | Found a sacrificial altar of Ru.
  2339 | D:3      | Found a shadowy altar of Dithmenos.
  2341 | D:3      | Found a shattered altar of Ashenzari.
  2341 | D:3      | Found a white marble altar of Elyvilon.
  2665 | D:4      | Noticed Duvessa
  2666 | D:4      | Noticed Dowan
  2927 | D:4      | Killed Dowan
  2927 | D:4      | Reached skill level 5 in Fighting
  2927 | D:4      | Reached skill level 5 in Armour
  2938 | D:4      | Killed Duvessa
  2938 | D:4      | Reached skill level 5 in Shields
  2938 | D:4      | Reached XP level 7. HP: 25/44 MP: 7/7
  3079 | D:4      | Noticed Blork the orc
  3483 | D:4      | Noticed Robin
  3496 | D:4      | Killed Robin
  3562 | D:4      | Killed Blork the orc
  3920 | D:5      | Entered Level 5 of the Dungeon
  3967 | D:5      | Reached XP level 8. HP: 47/51 MP: 8/8
  4472 | D:5      | Found a staircase to the Ecumenical Temple.
  4827 | D:6      | Reached skill level 5 in Axes
  4943 | D:6      | Reached XP level 9. HP: 32/57 MP: 9/9
  5140 | D:6      | Found a glowing silver altar of Zin.
  5525 | D:6      | Noticed Edmund
  5537 | D:6      | Killed Edmund
  5820 | Temple   | Entered the Ecumenical Temple
  5952 | Temple   | Became a worshipper of Trog the Wrathful
  6043 | D:7      | Found a runed translucent gate.
  6043 | D:7      | Found a runed translucent gate.
  6043 | D:7      | Found a runed translucent gate.
  6048 | D:7      | Noticed axlevencent's ghost (novice HOFi)
  6086 | D:7      | Found an ancient bone altar of Kikubaaqudgha.
  6948 | D:8      | Noticed a two-headed ogre
  6964 | D:8      | Mangled by a two-headed ogre

Levels and vault maps discovered:
D:1:      erik_arrival_blinker_ship, layout_basic, xom_teletrap_fun
D:2:      layout_loops_ring, first_ration, hangedman_decor_push,
          serial_bayou_lagoon_a
D:3:      layout_basic, grunt_temple_overflow_open, minmay_misc_feat_enclosed
D:4:      layout_rooms, serial_glass, glass_columns_a, glass_columns_a,
          glass_columns_a, glass_columns_a, glass_columns_a, glass_columns_b,
          glass_columns_a, glass_columns_c, glass_columns_b, glass_columns_c,
          minmay_misc_feat_pillars, uniq_robin, uniq_blork_the_orc, uniq_duvessa
D:5:      layout_loops_ring, minmay_temple_entry_from_below_a
D:6:      layout_basic, kennysheep_mini_moat, uniq_edmund
D:7:      layout_rooms, ebering_ghost_rock_garden, basic_altar
D:8:      minmay_the_grid_plus_closed [minmay_the_grid_tree,
          minmay_the_grid_box_x, minmay_the_grid_mess, minmay_the_grid_dragon_b,
          minmay_the_grid_prize_trominoes], layout_layer_cave, david_nohive_1
Temple:   eino_temple_scatter_basement

Skill      XL: |  1  2  3  4  5  6  7  8  9 |
---------------+----------------------------+-----
Axes           | 2 3 4 5 6 |  6.3
Fighting       | 4 5 7 8 |  8.1
Armour         | 4 5 7 8 |  8.0
Shields        | 4 5 6 8 |  8.0

Action                   |  1- 3 |  4- 6 |  7- 9 || total
-------------------------+-------+-------+-------++-------
Melee: War axe           |   175 |   187 |   336 ||   698
  Use: Scroll            |     5 |       |    11 ||    16
       Potion            |       |       |     2 ||     2
  Eat: Chunk             |     1 |     6 |    12 ||    19
Armor: Scale mail        |    16 |       |       ||    16
       Chain mail        |   160 |   138 |   197 ||   495
Dodge: Dodged            |    53 |    42 |    89 ||   184
Block: Shield            |   117 |   112 |   154 ||   383
       Large shield      |       |       |   112 ||   112
